 Dungeon Crawl Stone Soup version 0.28.0-1-gb440e238dd (webtiles) character file.

Game seed: 16681407120292946130

18 hikkokomori the Digger (level 2, -1/15 HPs)
             Began as a Gargoyle Earth Elementalist on Feb 21, 2022.
             Slain by a gnoll (8 damage)
             ... on level 1 of the Dungeon.
             The game lasted 00:01:05 (445 turns).

hikkokomori the Digger (Gargoyle Earth Elementalist) Turns: 445, Time: 00:01:06

Health: -1/15      AC:  4    Str: 11    XL:     2   Next: 70%
Magic:  4/5        EV: 11    Int: 15    God:
Gold:   27         SH:  0    Dex: 10    Spells: 5/6 levels left

rFire   . . .      SeeInvis .   e - +0 short sword
rCold   . . .      Faith    .   (no shield)
rNeg    + . .      Spirit   .   b - +0 robe
rPois   ∞          Reflect  .   (no helmet)
rElec   +          Harm     .   (no cloak)
rCorr   .          Rampage  .   (no gloves)
Will    .....                   (no boots)
Stlth   ++........              (no amulet)
HPRegen 0.05/turn               (no ring)
MPRegen 0.09/turn               (no ring)

@: no status effects
A: sickness immunity, AC +2, negative energy resistance 1, electricity
resistance, torment resistance 1, petrification resistance
a: no special abilities


You were on level 1 of the Dungeon.
You visited 1 branch of the dungeon, and saw 1 of its levels.

You collected 27 gold pieces.

Inventory:

Hand Weapons
 e - a +0 short sword (weapon)
Missiles
 c - 20 stones
Armour
 b - a +0 robe (worn)
Jewellery
 d - a ring of protection from fire
Potions
 a - a potion of attraction {unknown}


   Skills:
 - Level 1.5 Dodging
 - Level 2.1 Stealth
 + Level 2.5 Spellcasting
 - Level 0.7 Transmutations
 + Level 4.2 Earth Magic


You had 5 spell levels left.
You knew the following spells:

 Your Spells              Type           Power      Damage    Failure   Level
a - Sandblast             Erth           28%        2d8       3%          1

Your spell library contained the following spells:

 Spells                   Type           Power      Damage    Failure   Level
 Passwall                 Tmut/Erth      7%         N/A       12%         2
 Stone Arrow              Conj/Erth      16%        3d8       26%         3
 Petrify                  Tmut/Erth      9%         N/A       58%         4


Dungeon Overview and Level Annotations

Branches:
Dungeon (1/15)

Altars:

Shops:
D:1 =


Innate Abilities, Weirdness & Mutations

You are immune to sickness and miasma.
Your stone body is resilient. (AC +2)
You are immune to poison.
You resist negative energy. (rN+)
You are resistant to electric shocks. (rElec)
You are resistant to unholy torment.
You are immune to petrification.


Message History

You hit the bat but do no damage.
The bat is heavily wounded.
The bat hits you but does no damage.
No target in view!
The bat hits you but does no damage.
A bat is nearby!
You miss the bat.
The bat is heavily wounded.
The bat closely misses you.
You miss the bat.
The bat is heavily wounded.
The bat hits you but does no damage. The bat barely misses you.
You hit the bat.
You kill the bat!
No target in view!
You see here a +0 dagger.
A gnoll comes into view. It is wielding a +0 whip.
The gnoll shouts!
There is a stone staircase leading down here.
A gnoll is nearby!
Casting: Sandblast (safe; 3% risk of failure)
Confirm with . or Enter, or press ? or * to list all spells.
Aiming: Sandblast (safe; 3% risk of failure)
Press: ? - help, Shift-Dir - straight line, f - gnoll
Aim: a gnoll, wielding a +0 whip (82% to hit)
The blast of sand hits the gnoll!
The gnoll is severely wounded.
You hit the gnoll.
The gnoll is almost dead.
The gnoll closely misses you.
You barely miss the gnoll.
The gnoll is almost dead.
The gnoll hits you with a +0 whip!
Ouch! That really hurt!
You hit the gnoll but do no damage.
The gnoll is almost dead.
The gnoll hits you with a +0 whip!
Ouch! That really hurt!
You die...

###.≈ ### # #.#
###########.# #########
......g@....####.......#
##########>.......#####.#
..........#.#.###.# #.#
########..........# #..
##.#.#.###.# #..
##....)...#####.#
##.#####.....>.# ###
#########


You could see a gnoll.

Vanquished Creatures
  A gnoll (D:1)
  A bat (D:1)
  An endoplasm (D:1)
  A hobgoblin (D:1)
  A quokka (D:1)
  A kobold (D:1)
  3 rats (D:1)
  A spectral kobold (D:1)
10 creatures vanquished.

Notes
Turn   | Place    | Note
-------+----------+-------------------------------------------
     0 | D:1      | hikkokomori the Gargoyle Earth Elementalist began the quest
                  | for the Orb.
     0 | D:1      | Reached XP level 1. HP: 10/10 MP: 3/3
    99 | D:1      | Found Plog's Jewellery Shoppe.
   211 | D:1      | Found a faded altar of an unknown god.
   342 | D:1      | Reached skill level 4 in Earth Magic
   342 | D:1      | Reached XP level 2. HP: 15/15 MP: 1/5
   445 | D:1      | Slain by a gnoll

Illustrated notes

Levels and vault maps discovered:
D:1:      dpeg_arrival_water_fire, layout_loops_ring,
          dreamdust_ecumenical_altar_drowned_temple, serial_shops, shop, shop,
          shop

Skill      XL: |  1 |
---------------+----+-----
Earth Magic    | 4 |  4.2
Dodging        | |  1.5
Stealth        | |  2.1
Spellcasting   | |  2.5
Transmutations | |  0.7

Action                   || total
-------------------------++-------
Melee: Unarmed           ||     1
       Short sword       ||    13
 Cast: Sandblast         ||    10
Armor: Robe              ||     7
Dodge: Dodged            ||    10
